 Dungeon Crawl Stone Soup version 0.30-a0-578-gdee14c521f (webtiles) character file.

Game seed: 10079440321896349576

23 ryw the Grave Robber (level 3, 0/42 HPs)
             Began as a Hill Orc Necromancer on Dec 31, 2022.
             Slain by a gnoll
             ... wielding a +0 club
              (3 damage)
             ... on level 1 of the Dungeon.
             The game lasted 00:02:27 (861 turns).

ryw the Grave Robber (Hill Orc Necromancer)          Turns: 861, Time: 00:02:28

Health: 0/42       AC: 21    Str: 13 (14) XL:     3   Next: 0%
Magic:  1/5        EV:  2    Int: 13 (16) God:
Gold:   27         SH:  0    Dex:  6 (8)  Spells: 4/5 levels left

rFire   . . .      SeeInvis +    c - +0 mace
rCold   . . .      Faith    .    (no shield)
rNeg    . . .      Spirit   .    (body armour currently unavailable)
rPois   +          Reflect  .    (helmet currently unavailable)
rElec   .          Harm     .    (cloak currently unavailable)
rCorr   .          Rampage  .    (gloves currently unavailable)
Will    .....      NoTele   +    (boots currently unavailable)
Stlth   +                        (no amulet)
HPRegen 0.27/turn                l - ring of see invisible
MPRegen 0.09/turn                (no ring)

@: tree-form
A: stationary, stasis, torment immunity, boosted hp, (antennae 1), clumsy 1,
strong 1
a: no special abilities


You were on level 1 of the Dungeon.
You were a tree.
You visited 1 branch of the dungeon, and saw 1 of its levels.

You collected 27 gold pieces.

Inventory:

Hand Weapons
 c - a +0 mace (weapon)
Missiles
 g - 2 boomerangs
 m - 5 poisoned darts
Armour
 a - a +0 robe
 n - a +0 ring mail (melded)
Jewellery
 l - a ring of see invisible (left branch)
Scrolls
 e - 3 scrolls of identify {unknown}
 j - a scroll of fog {unknown}
 k - a scroll of vulnerability {unknown}
Potions
 b - a potion of magic
 d - a potion of mutation
 i - a potion of curing {unknown}


   Skills:
 + Level 1.5 Fighting
 + Level 1.4 Armour
 + Level 2.0 Dodging
 - Level 1.5 Stealth
 - Level 1.5 Spellcasting
 - Level 4.0 Necromancy


You had 4 spell levels left.
You knew the following spells:

 Your Spells              Type           Power      Damage    Failure   Level
a - Necrotise             Necr           44%        1d6       5%          1

Your spell library contained the following spells:

 Spells                   Type           Power      Damage    Failure   Level
 Vampiric Draining        Necr           11%        2d6       16%         3
 Animate Dead             Necr           11%        N/A       45%         4
 Agony                    Necr           11%        N/A       82%         5


Dungeon Overview and Level Annotations

Branches:
Dungeon (1/15)

Altars:

Shops:
D:1 [


Innate Abilities, Weirdness & Mutations

You are a tree.
Your roots penetrate the ground, keeping you stationary.
You cannot be teleported.
You are immune to unholy pain and torment.
Your maximum health is greatly increased.
Your equipment is partially melded.
((You have a pair of small antennae on your head.))
You are clumsy. (Dex -2)
Your muscles are strong. (Str +4, Int/Dex -1)


Message History

You barely miss the gnoll.
The gnoll is moderately wounded.
The gnoll barely misses you. The gnoll hits you with a +0 club.
Casting: Necrotise (safe; 10% risk of failure)
Confirm with . or Enter, or press ? or * to list all spells.
Aiming: Necrotise (safe; 10% risk of failure)
Press: ? - help, Shift-Dir - straight line, f - gnoll
Aim: a gnoll, wielding a +0 club (moderately wounded, chance to affect: 78%)
The gnoll writhes in agony.
The gnoll hits you with a +0 club.
* * * LOW HITPOINT WARNING * * *
Casting: Necrotise (safe; 10% risk of failure)
Confirm with . or Enter, or press ? or * to list all spells.
You don't have enough magic to cast this spell.
Unknown command.
You barely miss the gnoll.
The gnoll is severely wounded.
The gnoll barely misses you.
You barely miss the gnoll.
The gnoll is severely wounded.
The gnoll barely misses you. The gnoll hits you with a +0 club.
* * * LOW HITPOINT WARNING * * *
You hit the gnoll.
The gnoll is almost dead.
The gnoll hits you with a +0 club.
* * * LOW HITPOINT WARNING * * *
Casting: Necrotise (safe; 10% risk of failure)
Confirm with . or Enter, or press ? or * to list all spells.
You don't have enough magic to cast this spell.
It was a potion of mutation.
You feel extremely strange.
You feel stronger. A pair of antennae grows on your head!
You feel clumsy. The gnoll hits you with a +0 club.
* * * LOW HITPOINT WARNING * * *
It was a potion of degeneration.
There was something very wrong with that liquid.
You feel weakened.
You feel dopey.
You feel clumsy. The gnoll barely misses you.
It was a potion of lignification.
You turn into a tree.
Your +0 ring mail melds into your body.
Your roots penetrate the ground.
The gnoll hits you with a +0 club.
You die...

######### #.# ..#
#.# ###### #.#
########.†..# #.#
.........##.# #.#
.##########.# #g#
.# #.# #♣# .#
########.####.# .#
#.......†.....#
.###.######......#
.....# ########
######


You could see a gnoll.

Vanquished Creatures
  3 ball pythons (D:1)
  An endoplasm (D:1)
  A giant cockroach (D:1)
  3 goblins (D:1)
  3 hobgoblins (D:1)
  2 jackals (D:1)
  2 bats (D:1)
  2 kobolds (D:1)
  3 rats (D:1)
20 creatures vanquished.

Vanquished Creatures (collateral kills)
  A frilled lizard (D:1)
1 creature vanquished.

Grand Total: 21 creatures vanquished

Notes
Turn   | Place    | Note
-------+----------+-------------------------------------------
     0 | D:1      | ryw the Hill Orc Necromancer began the quest for the Orb.
     0 | D:1      | Reached XP level 1. HP: 14/14 MP: 3/3
   293 | D:1      | Reached XP level 2. HP: 20/22 MP: 0/4
   396 | D:1      | Reached skill level 1 in Fighting
   414 | D:1      | Reached skill level 1 in Armour
   679 | D:1      | Found Cekkiesi's Armour Shop.
   847 | D:1      | Reached XP level 3. HP: 28/28 MP: 0/5
   859 | D:1      | Gained mutation: Your muscles are strong. (Str +4, Int/Dex
                  | -1) [potion of mutation]
   859 | D:1      | Gained mutation: You have a pair of small antennae on your
                  | head. [potion of mutation]
   859 | D:1      | Gained mutation: You are clumsy. (Dex -2) [potion of
                  | mutation]
   859 | D:1      | HP: 1/28 [gnoll/+0 club (2)]
   861 | D:1      | Slain by a gnoll

Illustrated notes

Levels and vault maps discovered:
D:1:      psy_arrival_conway, layout_loops_ring, serial_shops,
          nicolae_shop_crystal, serial_park_tiny_pond

Skill      XL: |  1  2 |
---------------+-------+-----
Fighting       | 1 |  1.5
Armour         | 1 |  1.4
Dodging        | 2 |  2.0
Stealth        | |  1.5
Spellcasting   | |  1.5
Necromancy     | |  4.0

Action                   || total
-------------------------++-------
Melee: Mace              ||    49
 Cast: Necrotise         ||    26
  Use: Potion            ||     3
 Stab: Sleeping          ||     1
Armor: Robe              ||     6
       Ring mail         ||    17
Dodge: Dodged            ||    42

Table legend: (Time is in decaauts)
 A = Elapsed time spent in this place.
 B = Non-inter-level travel time spent in this place.
 C = Inter-level travel time spent in this place.
 D = Time resting spent in this place.
 E = Time spent auto-exploring this place.
 F = Levels seen in this place.
 G = Mean time per level.
                   A        B        C        D        E       F      G
               +--------+--------+--------+--------+--------+-----+--------+
         Total |    884 |    884 |      0 |     56 |    605 |   1 |  884.0 |
       Dungeon |    884 |    884 |      0 |     56 |    605 |   1 |  884.0 |
               +--------+--------+--------+--------+--------+-----+--------+

Top non-repeatable levels by time:
     D:1: 884 daAuts
